 Dungeon Crawl Stone Soup version 0.22.1-1-ga44c0e5 (webtiles) character file.

13511 Starchild the Timeless (level 11, -1/86 HPs)
             Began as a Demonspawn Monk on Oct 25, 2018.
             Was a High Priest of Cheibriados.
             Slain by a seven-headed hydra (11 damage)
             ... on level 1 of the Lair of Beasts.
             The game lasted 01:04:12 (11540 turns).

Starchild the Timeless (Demonspawn Monk)           Turns: 11540, Time: 01:04:14

Health: -1/86      AC: 13    Str: 32    XL:     11   Next: 76%
Magic:  6/20       EV: 14    Int: 33    God:    Cheibriados [*****.]
Gold:   341        SH:  3    Dex: 29    Spells: 3/22 levels left

rFire    + . .     SeeInvis .   q - +0 short sword (drain)
rCold    + . .     Gourm    .   (no shield)
rNeg     . . .     Faith    .   V - +2 leather armour of the Leaf {*Contam rC+ rCorr Int+6}
rPois    .         Spirit   .   (helmet unavailable)
rElec    .         Reflect  +   s - +0 cloak
rCorr    +         Harm     .   N - +0 pair of gloves of the Apprentice {rCorr Str+5 Dex-4} (curse)
MR       .....     NoTele   +   (no boots)
Stlth    ++........             j - +3 amulet of reflection
HPRegen  0.24/turn              v - +4 ring of protection
MPRegen  0.17/turn              B - ring "Payvva" {Fire -Tele Str+2 Dex+4}

@: drained, very slow
A: horns 3, thin metallic scales 1, cold resistance 1, demonic guardian 1,
freezing cloud immunity
a: Bend Time, Temporal Distortion, Slouch, Step From Time, Renounce Religion


You were on level 1 of the Lair of Beasts.
You worshipped Cheibriados.
Cheibriados was extremely pleased with you.
You were not hungry.

You visited 4 branches of the dungeon, and saw 14 of its levels.

You collected 609 gold pieces.
You spent 268 gold pieces at shops.

Inventory:

Hand Weapons
 b - a +2 shortbow of flaming
 o - a +0 whip of pain
 q - a +0 short sword of draining (weapon)
 Q - the +6 glaive "Peukad" {protect, MR+}
   (You took it off a centaur on level 9 of the Dungeon)

   It protects the one who uses it against injury (+AC on strike).
   It affects your resistance to hostile enchantments.
 R - a +0 hand axe of chopping
Missiles
 a - 3 poisoned javelins
 d - 437 stones
 h - 67 arrows
 p - 5 javelins of penetration (quivered)
 F - a throwing net
Armour
 s - a +0 cloak (worn)
 N - the cursed +0 pair of gloves of the Apprentice (worn) {rCorr Str+5 Dex-4}
   (You bought it in a shop on level 7 of the Dungeon)

   It affects your strength (+5).
   It affects your dexterity (-4).
   It provides partial protection from all sources of acid and corrosion.
   It has a curse placed upon it.
 O - a +0 buckler
 V - the +2 leather armour of the Leaf (worn) {*Contam rC+ rCorr Int+6}
   (You found it on level 10 of the Dungeon)

   It affects your intelligence (+6).
   It protects you from cold.
   It causes magical contamination when unequipped.
   It provides partial protection from all sources of acid and corrosion.
Magical Staves
 K - an uncursed staff of power {unknown}
 P - a cursed staff of earth
Jewellery
 j - a +3 amulet of reflection (around neck)
 t - an uncursed ring of resist corrosion {unknown}
 v - a +4 ring of protection (left hand)
 B - the ring "Payvva" (right hand) {Fire -Tele Str+2 Dex+4}
   (You found it on level 4 of the Dungeon)

   [ring of fire]

   It enhances your fire magic.
   It affects your strength (+2).
   It affects your dexterity (+4).
   It protects you from fire.
   It makes you vulnerable to cold.
   It prevents most forms of teleportation.
 S - an uncursed amulet of the gourmand {unknown}
 U - an uncursed ring of protection from fire {unknown}
Wands
 w - a wand of disintegration (3)
 J - a wand of paralysis (23)
 M - a wand of iceblast (25)
Scrolls
 g - 10 scrolls of remove curse
 k - 2 scrolls of magic mapping
 l - a scroll of blinking
 m - a scroll of enchant armour
 n - 2 scrolls of fear
 r - 2 scrolls of fog
 u - 2 scrolls of noise {unknown}
 x - a scroll of teleportation {unknown}
 y - 2 scrolls of amnesia {unknown}
 D - 2 scrolls of holy word {unknown}
 I - 2 scrolls of enchant weapon
Potions
 e - a potion of curing
 f - 5 potions of brilliance
 i - 4 potions of mutation
 G - a potion of degeneration {unknown}
 T - 4 potions of haste {unknown}
Comestibles
 c - 23 rations
 z - a chunk of flesh


   Skills:
 - Level 8.1(7.7) Fighting
 - Level 2.6(2.3) Axes
 - Level 4.1(3.7) Armour
 - Level 2.6(2.3) Dodging
 - Level 1.7(1.4) Stealth
 - Level 5.0(4.7) Shields
 * Level 6.0(5.6) Spellcasting
 * Level 7.6(7.2) Hexes
 - Level 6.1(5.7) Translocations
 - Level 6.0(5.6) Transmutations
 - Level 10.1(9.7) Invocations


You had 3 spell levels left.
You knew the following spells:

 Your Spells              Type           Power        Failure   Level  Hunger
a - Confuse               Hex            ######..     1%          3    None
b - Slow                  Hex            ######..     1%          2    None
c - Blink                 Tloc           N/A          1%          2    None
d - Gell's Gravitas       Tloc           #####.....   1%          3    None
e - Yara's Violent Unrav  Hex/Tmut       ######....   10%         5    #####..
f - Petrify               Tmut/Erth      ####....     16%         4    ###....

Your spell library contained the following spells:

 Spells                   Type           Power        Failure   Level  Hunger
 Confusing Touch          Hex            ######       1%          1    None
 Magic Dart               Conj           #...         4%          1    None
 Call Imp                 Summ           #.......     8%          2    None
 Conjure Flame            Conj/Fire      ##......     16%         3    None
 Mephitic Cloud           Conj/Pois/Air  #.......     16%         3    None
 Metabolic Englaciation   Hex/Ice        ####......   30%         5    #####..


Dungeon Overview and Level Annotations

Branches:
Dungeon (11/15)            Temple (1/1) D:4            Lair (1/6) D:11
    Orc (1/2) D:11

Altars:
Ashenzari
Cheibriados
Dithmenos
Elyvilon
Fedhas
Gozag
Hepliaklqana
Kikubaaqudgha
Makhleb
Nemelex Xobeh
Okawaru
Qazlal
Ru
Sif Muna
Trog
Uskayaw
Vehumet
Wu Jian
Xom
Yredelemnul
Zin
The Shining One
Jiyva

Shops:
D:7 [

Annotations:
D:11 2 runed doors


Innate Abilities, Weirdness & Mutations

You have a pair of large horns on your head.
You are partially covered in thin metallic scales. (AC +2)
Your flesh is cold resistant. (rC+)
A weak demonic guardian rushes to your aid.
You are immune to freezing clouds.


Message History

You block the seven-headed hydra's attack.
The seven-headed hydra bites you but does no damage.
The seven-headed hydra bites you!
The seven-headed hydra barely misses you.
The seven-headed hydra bites you.
You fail to use your ability.
The seven-headed hydra misses you. The seven-headed hydra bites you.
The seven-headed hydra bites you! x2
* * * LOW HITPOINT WARNING * * *
The seven-headed hydra bites you but does no damage.
The seven-headed hydra bites you!
* * * LOW HITPOINT WARNING * * *
You block the seven-headed hydra's attack.
You feel much better.
The seven-headed hydra closely misses you.
The seven-headed hydra bites you!
* * * LOW HITPOINT WARNING * * *
The seven-headed hydra bites you!
* * * LOW HITPOINT WARNING * * *
The seven-headed hydra bites you!
You die...

### #####.# ###.#####....#
. #.........#.## .#
##.###P###....# ##.## #..#
### #.#.## #...## ##.#
#.##.## .....# #.#
#..##.###..#.+### ##.#####
#..##....##.....##
....(#P###.#)..†@D.÷......#
.#...........##..#.(.##....
.#.....##..##
#.#..##......# .#P...##...#
###........... ..........#
#..#........ ##.......#..8
#..##.8.8.#.[ #..P.##.#
..... .....#. ##....####
>....... .>..... .......#
.?..........!...#.


You could see a seven-headed hydra.

Vanquished Creatures
  2 two-headed ogres (D:11)
  Pikel (D:8)
  A deep elf mage (D:10)
  Maurice (D:8)
  A gargoyle (D:10)
  A spiny frog (Lair:1)
  2 trolls
  A hornet (D:8)
  2 hippogriffs
  A shadow (D:11)
  A hog (D:7)
  8 yaks
  The ghost of kaesh the Shield-Bearer, an amateur FoFi (D:6)
  A human (D:7)
  Grum (D:8)
  Menkaure (D:5)
  2 wargs (D:11)
  6 orc warriors
  An ice beast (D:5)
  3 black bears
  4 ogres
  4 phantoms
  A wolf (D:8)
  11 centaurs
  A crocodile (Lair:1)
  5 big kobolds
  3 gnoll sergeants
  5 bullfrogs
  A scorpion (D:6)
  2 wyvern skeletons (D:11)
  5 killer bees (D:9)
  4 wights
  6 howler monkeys
  5 crimson imps
  4 bullfrog zombies
  A jelly (D:10)
  2 orc priests
  A bullfrog skeleton (D:11)
  4 hounds
  A centaur skeleton (D:11)
  6 orc wizards
  4 iguanas
  9 worker ants
  A hound zombie (D:7)
  2 hound skeletons
  10 adders
  13 gnolls
  2 adder zombies
  An adder skeleton (D:4)
  2 worms
  5 leopard geckos
  19 orcs
  11 bats
  4 giant cockroaches
  9 goblins
  12 hobgoblins
  4 jackals
  31 kobolds
  2 quokkas
  A ball python (D:3)
  6 frilled lizards
  A leopard gecko skeleton (D:6)
  A quokka skeleton (D:7)
  5 rats
269 creatures vanquished.

Vanquished Creatures (collateral kills)
  Harold (D:8)
  A two-headed ogre (D:8)
  5 yaks
  A hog (D:7)
  A steam dragon (D:9)
  A warg (D:11)
  2 orc warriors
  An ice beast (D:10)
  An ogre (D:4)
  2 wolves (D:8)
  A bullfrog (D:7)
  A howler monkey (D:7)
  A hound skeleton (D:8)
  A gnoll (D:7)
  3 orcs
  A giant cockroach (D:4)
  A frilled lizard (D:5)
  3 kobolds (D:8)
28 creatures vanquished.

Vanquished Creatures (others)
  A hungry ghost (D:11)
  4 slaves (D:8)
  A centaur (D:9)
  A centaur simulacrum (D:11)
  An adder (D:8)
  2 orcs
  A kobold (D:8)
11 creatures vanquished.

Grand Total: 308 creatures vanquished

Notes
Turn   | Place    | Note
-------+----------+-------------------------------------------
     0 | D:1      | Starchild the Demonspawn Monk began the quest for the Orb.
     0 | D:1      | Reached XP level 1. HP: 18/18 MP: 1/1
   174 | D:1      | Gained mutation: You have a pair of small horns on your
                  | head. [demonic ancestry]
   174 | D:1      | Reached XP level 2. HP: 16/24 MP: 2/2
   669 | D:1      | Gained mutation: Your flesh is cold resistant. (rC+)
                  | [demonic ancestry]
   669 | D:1      | Reached XP level 3. HP: 19/30 MP: 3/3
  1841 | D:3      | Gained mutation: A weak demonic guardian rushes to your
                  | aid. [demonic ancestry]
  1841 | D:3      | Reached XP level 4. HP: 34/38 MP: 4/4
  1846 | D:3      | Reached skill level 5 in Fighting
  2158 | D:3      | Found a shadowy altar of Dithmenos.
  2641 | D:4      | Noticed an ogre
  2650 | D:4      | Killed an ogre
  2650 | D:4      | Gained mutation: You have a pair of horns on your head.
                  | [demonic ancestry]
  2650 | D:4      | Reached XP level 5. HP: 46/46 MP: 5/5
  2696 | D:4      | Found an ornate altar of the Wu Jian Council.
  2860 | D:4      | Found a glowing golden altar of the Shining One.
  2930 | D:4      | Found a basalt altar of Yredelemnul.
  2930 | D:4      | Found a hide-covered altar of Uskayaw.
  2958 | D:4      | Noticed an ogre
  2963 | D:4      | Killed an ogre
  2963 | D:4      | Gained mutation: You are partially covered in thin metallic
                  | scales. (AC +2) [demonic ancestry]
  2963 | D:4      | Reached XP level 6. HP: 37/53 MP: 6/6
  3110 | D:4      | Got a faintly glowing silver ring
  3111 | D:4      | Identified the ring "Payvva" {Fire -Tele Str+2 Dex+4} (You
                  | found it on level 4 of the Dungeon)
  3276 | D:4      | Found a staircase to the Ecumenical Temple.
  3282 | Temple   | Entered the Ecumenical Temple
  3557 | D:5      | Entered Level 5 of the Dungeon
  3587 | D:5      | Noticed Menkaure
  3592 | D:5      | Killed Menkaure
  3607 | D:5      | Reached XP level 7. HP: 57/62 MP: 7/7
  3649 | D:5      | Found a snail-covered altar of Cheibriados.
  3673 | D:5      | Became a worshipper of Cheibriados the Contemplative
  3673 | D:5      | Reached * piety under Cheibriados
  3673 | D:5      | Reached ** piety under Cheibriados
  3725 | D:5      | Reached skill level 2 in Invocations
  3742 | D:5      | Reached skill level 3 in Invocations
  3760 | D:5      | Found a shadowy altar of Dithmenos.
  3871 | D:5      | Reached skill level 4 in Invocations
  3978 | D:5      | Reached skill level 5 in Invocations
  4065 | D:5      | Reached skill level 6 in Invocations
  4362 | D:6      | Noticed kaesh's ghost (amateur FoFi)
  4367 | D:6      | Found a runed door.
  4376 | D:6      | Reached skill level 7 in Invocations
  4376 | D:6      | Gained mutation: You have a pair of large horns on your
                  | head. [demonic ancestry]
  4376 | D:6      | Reached XP level 8. HP: 62/68 MP: 13/13
  4392 | D:6      | Killed kaesh's ghost
  4392 | D:6      | Reached skill level 8 in Invocations
  4569 | D:6      | Found an opulent altar of Gozag.
  4605 | D:6      | Learned a level 3 spell: Confuse
  4608 | D:6      | Learned a level 2 spell: Slow
  4611 | D:6      | Learned a level 2 spell: Blink
  4731 | D:6      | Found a white marble altar of Elyvilon.
  5131 | D:7      | Reached *** piety under Cheibriados
  5163 | D:7      | Reached skill level 1 in Hexes
  5216 | D:7      | Reached skill level 9 in Invocations
  5300 | D:7      | Reached skill level 10 in Invocations
  5409 | D:7      | Reached XP level 9. HP: 60/74 MP: 16/16
  5440 | D:7      | Reached skill level 1 in Armour
  5521 | D:7      | Found Poiw's Armour Shoppe.
  5544 | D:7      | Reached **** piety under Cheibriados
  5657 | D:7      | Reached skill level 5 in Hexes
  5738 | D:7      | Bought the cursed +0 pair of gloves of the Apprentice
                  | {rCorr Str+5 Dex-4} for 210 gold pieces
  5738 | D:7      | Bought a +0 buckler for 58 gold pieces
  5817 | D:8      | Noticed Pikel
  5825 | D:8      | Killed Pikel
  5885 | D:8      | Found a bloodstained altar of Trog.
  5974 | D:8      | Noticed Maurice
  5982 | D:8      | Killed Maurice
  5982 | D:8      | Reached skill level 1 in Translocations
  6173 | D:8      | Found a stormy altar of Qazlal.
  6192 | D:8      | Gained mutation: You are immune to freezing clouds.
                  | [demonic ancestry]
  6192 | D:8      | Reached XP level 10. HP: 66/80 MP: 17/17
  6252 | D:8      | Noticed Harold
  6257 | D:8      | Noticed a two-headed ogre
  6266 | D:8      | Killed Harold
  6277 | D:8      | Killed a two-headed ogre
  6277 | D:8      | Reached skill level 5 in Shields
  6287 | D:8      | Noticed Grum
  6308 | D:8      | HP: 3/80 [Grum/spear of piercing (4)]
  6309 | D:8      | HP: 1/80 [orc warrior/war axe (11)]
  6321 | D:8      | Reached skill level 5 in Translocations
  6671 | D:8      | Killed Grum
  7333 | D:9      | Found a sparkling altar of Nemelex Xobeh.
  7462 | D:9      | Got a spiked leather armour
  7464 | D:9      | Got a faintly glowing glaive {protect}
  7475 | D:9      | Identified the +1 leather armour of Gravity {Int+6} (You
                  | took it off a gnoll on level 9 of the Dungeon)
  7496 | D:9      | Found a hazy altar of Hepliaklqana.
  7848 | D:9      | Found a snail-covered altar of Cheibriados.
  7862 | D:9      | Reached skill level 1 in Spellcasting
  7874 | D:9      | Found a burning altar of Makhleb.
  8095 | D:9      | Found an ancient bone altar of Kikubaaqudgha.
  8267 | D:9      | Learned a level 3 spell: Gell's Gravitas
  8273 | D:9      | Learned a level 5 spell: Yara's Violent Unravelling
  8719 | D:10     | Entered Level 10 of the Dungeon
  8747 | D:10     | Reached ***** piety under Cheibriados
  8751 | D:10     | Reached skill level 1 in Transmutations
  8755 | D:10     | Noticed a gargoyle
  8775 | D:10     | Killed a gargoyle
  8775 | D:10     | Reached XP level 11. HP: 46/86 MP: 18/18
  8928 | D:10     | Noticed a deep elf mage
  8935 | D:10     | Killed a deep elf mage
  8941 | D:10     | Identified the +6 glaive "Peukad" {protect, MR+} (You took
                  | it off a centaur on level 9 of the Dungeon)
  9540 | D:10     | Got a translucent leather armour
  9560 | D:10     | Identified the +2 leather armour of the Leaf {*Contam rC+
                  | rCorr Int+6} (You found it on level 10 of the Dungeon)
  9565 | D:10     | Learned a level 4 spell: Petrify
 10171 | D:11     | Reached skill level 5 in Spellcasting
 10205 | D:11     | HP: 4/86 [yak (6)]
 10213 | D:11     | HP: 4/86 [yak (12)]
 10231 | D:11     | Reached skill level 5 in Transmutations
 10233 | D:11     | Noticed a two-headed ogre
 10243 | D:11     | Killed a two-headed ogre
 10521 | D:11     | Found a staircase to the Orcish Mines.
 10875 | D:11     | Noticed a two-headed ogre
 10883 | D:11     | Killed a two-headed ogre
 10928 | D:11     | Found a runed door.
 10928 | D:11     | Found a runed door.
 10928 | D:11     | Noticed a seven-headed hydra
 11047 | D:11     | Found a staircase to the Lair.
 11206 | D:11     | Noticed a wolf spider
 11303 | Orc:1    | Entered Level 1 of the Orcish Mines
 11303 | Orc:1    | Noticed an orc sorcerer
 11303 | Orc:1    | Noticed an orc sorcerer
 11305 | Orc:1    | Noticed an orc warlord
 11305 | Orc:1    | Paralysed by an orc sorcerer for 2 turns
 11307 | Orc:1    | Noticed an orc sorcerer
 11308 | Orc:1    | Noticed an orc warlord
 11445 | Lair:1   | Entered Level 1 of the Lair of Beasts
 11527 | Lair:1   | Noticed a seven-headed hydra
 11540 | Lair:1   | Slain by a seven-headed hydra

Skill      XL: |  1  2  3  4  5  6  7  8  9 10 11 |
---------------+----------------------------------+-----
Fighting       | 4 6 8 |  8.1
Invocations    | 7 10 | 10.1
Hexes          | 4 6 7 |  7.6
Armour         | 3 4 |  4.1
Shields        | 3 5 |  5.0
Translocations | 2 6 |  6.1
Spellcasting   | 3 6 |  6.0
Transmutations | 1 6 |  6.0
Axes           | |  2.6
Dodging        | |  2.6
Stealth        | |  1.7

Action                   |  1- 3 |  4- 6 |  7- 9 | 10-12 || total
-------------------------+-------+-------+-------+-------++-------
Melee: Hand axe          |   110 |    73 |       |       ||   183
       Headbutt          |    11 |    17 |    87 |   127 ||   242
       Short sword       |       |    23 |    49 |   202 ||   274
       Dagger            |       |       |   188 |   153 ||   341
       Glaive            |       |       |       |    28 ||    28
 Fire: Shortbow          |       |       |       |    33 ||    33
Throw: Javelin           |       |     1 |       |    18 ||    19
 Cast: Blink             |       |       |       |     4 ||     4
       Confuse           |       |       |       |     8 ||     8
       Gell's Gravitas   |       |       |       |     2 ||     2
       Petrify           |       |       |       |     1 ||     1
Invok: Slouch            |       |       |     1 |     5 ||     6
Evoke: Wand              |       |       |     2 |    11 ||    13
  Use: Scroll            |     5 |     5 |     2 |     4 ||    16
       Potion            |       |       |       |     8 ||     8
 Stab: Sleeping          |     4 |     1 |    11 |       ||    16
       Paralysed         |       |       |     3 |       ||     3
       Distracted        |       |       |     1 |     3 ||     4
       Confused          |       |       |       |     1 ||     1
  Eat: Chunk             |     3 |     4 |     6 |    10 ||    23
Armor: Robe              |    22 |    15 |    24 |       ||    61
       Leather armour    |       |       |    48 |   127 ||   175
       Skin              |       |       |       |    16 ||    16
Dodge: Dodged            |    83 |    66 |   141 |   282 ||   572
Block: Other             |    16 |    13 |    13 |     9 ||    51
       Reflection        |     1 |     1 |     1 |    22 ||    25
       Buckler           |       |       |    14 |   236 ||   250
